 Dungeon Crawl Stone Soup version 0.28-a0-751-gef3a642a4e (webtiles) character file.

Game seed: 16263441125074303196

0 spiderkeys the Skirmisher (level 1, -4/11 HPs)
             Began as a Gargoyle Abyssal Knight on Oct 31, 2021.
             Was a Follower of Lugonu.
             Slain by a black mamba (7 damage)
             ... summoned by a worldbinder
             ... on level 5 of the Abyss.
             The game lasted 00:01:32 (202 turns).

spiderkeys the Skirmisher (Gargoyle Abyssal Knight)  Turns: 202, Time: 00:01:32

Health: -4/11      AC:  5    Str: 16      XL:     1   Next: 0%
Magic:  2/2        EV: 11    Int: 15 (16) God:    Lugonu [*.....]
Gold:   0          SH:  0    Dex: 10      Spells: 0/0 levels left

rFire   . . .      SeeInvis .   c - +2 trident (venom)
rCold   . . .      Faith    .   (no shield)
rNeg    + . .      Spirit   .   b - +0 leather armour rPois โˆž Reflect .
                                (no helmet)
rElec   +          Harm     .   (no cloak)
rCorr   .          Rampage  .   (no gloves)
Will    .....      Rage     3%  (no boots)
Stlth   +.........              (no amulet)
HPRegen 0.03/turn               I - +6 ring of intelligence
MPRegen 0.08/turn               (no ring)

@: mighty
A: sickness immunity, AC +2, negative energy resistance 1, electricity
resistance, torment resistance 1, petrification resistance, [berserk 2],
[deterioration 2], [frail 2], [low mp 2]
a: Renounce Religion, Depart the Abyss


You were on level 5 of the Abyss.
You worshipped Lugonu.
Lugonu was aware of your devotion.
You visited 0 branches of the dungeon, and saw 0 of its levels.
You visited the Abyss 1 time.


Innate Abilities, Weirdness & Mutations

You are immune to sickness and miasma.
Your stone body is resilient. (AC +2)
You are immune to poison.
You resist negative energy. (rN+)
You are resistant to electric shocks. (rElec)
You are resistant to unholy torment.
You are immune to petrification.
[You often lose your temper in combat.]
[Your body often deteriorates upon taking damage.]
[You are very frail. (-20% HP)]
[Your magical capacity is very low. (-20% MP)]


   Skills:
 + Level 3.2 Fighting
 + Level 2.0 Maces & Flails
 + Level 2.1 Armour
 + Level 0.7 Dodging
 + Level 2.0 Invocations


You couldn't memorise any spells.
You didn't know any spells.
Your spell library contained the following spells:

 Spells                   Type           Power      Damage    Failure   Level
 Ensorcelled Hibernation  Hex/Ice        0%         N/A       45%         2
 Spider Form              Tmut/Pois      0%         N/A       69%         3

Inventory:

Hand Weapons
 a - a +1 mace
 c - a +2 trident of venom (weapon)
   (You found it on level 2 of the Abyss)
Missiles
 d - 20 sling bullets
Armour
 b - a +0 leather armour (worn)
Jewellery
 I - a +6 ring of intelligence (left hand)
   (You found it on level 5 of the Abyss)

Dungeon Overview and Level Annotations

Branches:
Dungeon (0/15)

Altars:

... ... .#####.
##.#.@##
#..##S.## # ##
#..##.ยง#.###.. #
..x...# ....
#.#.. ...##. ..#
#.....###....#.#
#....# x.##.x## .
..#...
#.........#
.....#...#xS.#.##


You could see a worldbinder, a black mamba (summoned) and a small abomination.


Message History

Lugonu says: Depart the Abyss and spread corruption, my servant! (use the ability menu to exit the Abyss) Press ? for a list of commands and other information.
Found a corrupted altar of Lugonu.
A tentacled starspawn comes into view.
Unknown command.
A tentacled starspawn is nearby!
A tentacle flies out from the starspawn's body!
A starspawn tentacle comes into view.
Found a gateway leading deeper into the Abyss.
There is a gateway leading deeper into the Abyss here.
You plunge deeper into the Abyss.
You pick up a book of Dreams and begin reading...
You add the spells Ensorcelled Hibernation and Spider Form to your library.
You see here a +2 trident of venom.
c - a +2 trident of venom A large abomination comes into view.
Your +2 trident of venom begins to drip with poison!
c - a +2 trident of venom (weapon)
Found a gateway leading deeper into the Abyss.
There is a gateway leading deeper into the Abyss here.
You plunge deeper into the Abyss.
The abyssal rune of Zot can be found at this depth.
A small abomination comes into view.
A wretched star comes into view.
You open the door.
There is an open door here.
Found a gateway leading deeper into the Abyss.
The wretched star pulses with an eldritch light!
You feel yourself wasting away.
You feel your body start to fall apart.
The wretched star pulses with an eldritch light!
You feel frail. x2
The small abomination hits you!
Ouch! That really hurt!
* * * LOW HITPOINT WARNING * * *
Your body deteriorates!
You feel dopey.
There is a gateway leading deeper into the Abyss, spattered with blood here. ๐Ÿ˜ฑ HP[-12]
You now have 11 max hp (-3).
You take 12 damage, and now have 2/11 hp.
MASSIVE DAMAGE!! (PAUSE)
The wretched star pulses with an eldritch light!
You feel a little pissed off.
You feel angry.
You feel less energetic. x2
The small abomination hits you.
* * * LOW HITPOINT WARNING * * *
You plunge deeper into the Abyss.
The abyssal rune of Zot can be found at this depth.
Found 20 sling bullets and 2 fuming silvery potions.
Found a gateway leading deeper into the Abyss. ๐Ÿ˜ฑ HP[-1]
You take 1 damage, and now have 1/11 hp.
d - 20 sling bullets
There is a gateway leading deeper into the Abyss here.
Found a gateway leading out of the Abyss.
Press: ? - help, v - describe, . - travel, g - get item Item here: a glowing great sword.
The floor.
There is a gateway leading deeper into the Abyss here.
You plunge deeper into the Abyss.
The abyssal rune of Zot can be found at this depth. ๐Ÿ˜ฑ HP[+1]
The neqoxec shouts!
The green very ugly thing gurgles horribly!
You hear a shout!
e - an orange potion It was a potion of haste.
You feel yourself speed up.
e - a scroll labelled LEAGIO QARYHAL
As you read the scroll labelled LEAGIO QARYHAL, it crumbles to dust.
It is a scroll of identify.
You don't have any unidentified items.
I - a +6 ring of intelligence You feel clever.
I - a +6 ring of intelligence (left hand)
A sun demon comes into view.
The sun demon shouts! ๐Ÿ˜จ HP[+1]
A tentacled starspawn comes into view.
Found a gateway leading out of the Abyss.
Your extra speed is starting to run out.
There is a gateway leading out of the Abyss, spattered with blood here.
You feel yourself slow down.
e - a brown potion A small abomination comes into view.
It was a potion of might.
You feel very mighty all of a sudden.
A worldbinder comes into view. ๐Ÿ˜จ HP[+1]
The worldbinder calls forth creatures from the Snake Pit!
The naga warrior spits poison at you. The splash of poison misses you.
The mana viper hisses angrily.
The black mamba barely misses you.
You puncture the black mamba! The black mamba misses you.
The black mamba bites you but does no damage.
You miss the black mamba.
The mana viper disappears in a puff of smoke!
The black mamba bites you.
* * * LOW HITPOINT WARNING * * *
The black mamba bites you!
Ouch! That really hurt!
You die...

Action                   || total
-------------------------++-------
Melee: Trident           ||     2
  Use: Potion            ||     2
       Scroll            ||     1
Armor: Leather armour    ||     1
Dodge: Dodged            ||     3

Levels and vault maps discovered:
Abyss:5:  base: Temple, evilmike_abyss_exit_10, hangedman_abyss_sting,
          hangedman_decor_lopped, doesnt_abyss_rune_brain_food,
          evilmike_abyss_exit_10

Notes
Turn   | Place    | Note
-------+----------+-------------------------------------------
     0 | Abyss:1  | spiderkeys the Gargoyle Abyssal Knight began the quest for
                  | the Orb.
     0 | Abyss:1  | Reached XP level 1. HP: 14/14 MP: 2/2
     0 | Abyss:1  | magus.rc [v1.9.10]
     2 | Abyss:1  | Noticed a tentacled starspawn
    30 | Abyss:2  | You pick up a book of Dreams and begin reading...
    30 | Abyss:2  | You add the spells Ensorcelled Hibernation and Spider Form
                  | to your library.
    41 | Abyss:2  | Noticed a wraith
    51 | Abyss:2  | Noticed a large abomination
    68 | Abyss:3  | Noticed a small abomination
    69 | Abyss:3  | Noticed a wretched star
    81 | Abyss:3  | HP: 2/11 [small abomination (9)]
   102 | Abyss:5  | Entered Level 5 of the Abyss
   113 | Abyss:5  | Noticed a starcursed mass
   113 | Abyss:5  | Noticed an orange crystal statue
   114 | Abyss:5  | Noticed a neqoxec
   114 | Abyss:5  | Noticed an orange crystal statue
   114 | Abyss:5  | Noticed a green very ugly thing
   150 | Abyss:5  | Noticed a sun demon
   159 | Abyss:5  | Noticed a tentacled starspawn
   180 | Abyss:5  | Noticed a small abomination
   185 | Abyss:5  | Noticed a worldbinder
   196 | Abyss:5  | Noticed a black mamba
   196 | Abyss:5  | Noticed a naga warrior
   198 | Abyss:5  | Noticed a mana viper
   202 | Abyss:5  | Slain by a black mamba

Vanquished Creatures (others)
  4 starspawn tentacles
4 creatures vanquished.

Table legend:
 A = Non-vault XP
 B = Vault XP
 C = Vault XP percentage of total XP
 D = Non-vault monster count
 E = Vault monster count
 F = Vault count percentage of total count
                 A         B        C        D         E       F
            +---------+---------+-------+---------+---------+-------
      Total |       0 |       0 |   N/A |       0 |       0 |  -nan
            +---------+---------+-------+---------+---------+-------
            +---------+---------+-------+---------+---------+-------

Illustrated notes

Table legend: (Time is in decaauts)
 A = Elapsed time spent in this place.
 B = Non-inter-level travel time spent in this place.
 C = Inter-level travel time spent in this place.
 D = Time resting spent in this place.
 E = Time spent auto-exploring this place.
 F = Levels seen in this place.
 G = Mean time per level.
                   A        B        C        D        E       F      G
               +--------+--------+--------+--------+--------+-----+--------+
         Total |    181 |    181 |      0 |      0 |      2 |   5 |   36.2 |
         Abyss |    181 |    181 |      0 |      0 |      2 |   5 |   36.2 |
               +--------+--------+--------+--------+--------+-----+--------+

Top non-repeatable levels by time:
 Abyss:5: 81 daAuts
 Abyss:2: 42 daAuts
 Abyss:1: 24 daAuts
 Abyss:4: 18 daAuts
 Abyss:3: 15 daAuts
